[Event "Late-Titled-Tuesday-Blitz-January-23-2024"]
[Site "Chess.com"]
[Date "2024.01.23"]
[Round "5"]
[White "brm72"]
[Black "jcibarra"]
[Result "0-1"]
[WhiteElo "2676"]
[BlackElo "2863"]
[TimeControl "180+1"]
[EndTime "14:54:50 PST"]
[Termination "jcibarra won on time"]

1. e4 c5 2. Nf3 e6 3. d4 cxd4 4.
Nxd4 Bc5 5. Be3 Qb6 6. Nc3 Nc6 7. Na4 Qa5+ 8. c3 Bxd4 9. Bxd4 Nxd4 10. Qxd4 e5 11. Qb4 Qxb4 12. cxb4 Nf6 13. Nc3 d6 14.
Bc4 Be6 15. Bxe6 fxe6 16. O-O-O Ke7 17. Rhe1 Rac8 18. Kc2 Rc6 19. Kb3 Rhc8 20. f3 g5 21. h3 h5 22. Rd3 Rg8 23. Red1 Ne8 24. a4 Rg7 25. b5 Rc8 26. Kb4 Kf6 27. g4 h4 28. Kb3 Rd7 29. R1d2 Ke7 30. Rd1 Rdd8 31. R1d2 Nf6 32. Rd1 Nh7 33. R1d2 Nf8 34. Rd1 Ng6 35. Ne2 Rd7 36. Kb4 Rcd8 37. Kc4 Kf6 38. b4 Ne7 39. Nc3 Nc8 40. a5 Ne7 41. Kb3 Ng6 42. Ne2 d5 43.
Rc3 d4 44. Rcd3 Rc8 45. b6 axb6 46. axb6 Rd6 47. R3d2 Rxb6 48. Ra1 Nf4 49. Nxf4 Rc3+ 50. Kb2 Rxb4+ 51. Ka2 exf4 0-1

[Event "Late-Titled-Tuesday-Blitz-January-23-2024"]
[Site "Chess.com"]
[Date "2024.01.23"]
[Round "5"]
[White "ProChessWICTH"]
[Black "ansko1999"]
[Result "0-1"]
[WhiteElo "2513"]
[BlackElo "2706"]
[TimeControl "180+1"]
[EndTime "14:54:50 PST"]
[Termination "ansko1999 won by resignation"]

1. e4 e5 2. Nf3 Nc6 3. d4 exd4 4. Bc4 Bb4+ 5. c3 dxc3 6. bxc3 Ba5 7. O-O Nf6 8. e5 d5 9. Bb3 Ne4 10. Bxd5 Nxc3 11.
Nxc3 Bxc3 12. Bxf7+ Kxf7 13. Qb3+ Be6 14. Qxc3 h6 15. Ba3 Re8 16. Rfd1 Qc8 17. Nh4 Kg8 18.
f4 Ne7 19. Bxe7 Rxe7 20. Rf1 Rf7 21. Rad1 Qf8 22. g3 Rd8 23. Qc2 Bh3 24. Rfe1 Rfd7 25.
Rxd7 Rxd7 26. e6 Re7 27. Ng6 Qf6 28. Nxe7+ Qxe7 29. f5 c5 30. Qe4 c4 31. Rd1 Qc5+ 32. Qd4 Qxf5 33. e7 Qe6 34. Qd8+ Kf7 35. e8=Q+ Qxe8 36. Rd7+ Bxd7 0-1

[Event "Late-Titled-Tuesday-Blitz-January-23-2024"]
[Site "Chess.com"]
[Date "2024.01.23"]
[Round "5"]
[White "Noki102"]
[Black "Doomfist26"]
[Result "0-1"]
[WhiteElo "2447"]
[BlackElo "2603"]
[TimeControl "180+1"]
[EndTime "14:54:52 PST"]
[Termination "Doomfist26 won by checkmate"]

1. Nf3 Nf6 2. g3 d5 3. Bg2 Nc6 4. d4 b5 5. Ne5 Bb7 6. O-O e6 7. Nc3 b4 8. Na4 Nxe5 9. dxe5 Nd7 10. f4 Be7 11. c4 bxc3 12. Nxc3 O-O 13. Be3 c5 14.
Bf2 Rb8 15. Rc1 Nb6 16. Nb5 Ba6 17. Nd6 Bxd6 18. exd6 c4 19. Bc5 Qd7 20. Qd4 Na4 21. Ba3 Rfc8 22. f5 c3 23. b3 Nb6 24. f6 Bxe2 25.
Rf2 Bh5 26. fxg7 Bg6 27. Rxc3 Rxc3 28. Qxc3 Rc8 29. Qf6 a5 30. h4 a4 31. Qd4 Rc6 32.
g4 axb3 33. axb3 Nc8 34. h5 Bc2 35. Qb2 Bd3 36. Qd2 Ba6 37. Qa5 Nxd6 38. Bxd6 Qxd6 39. g5 Rc1+ 40. Bf1 Qg3+ 41. Rg2 Rxf1# 0-1

[Event "Late-Titled-Tuesday-Blitz-January-23-2024"]
[Site "Chess.com"]
[Date "2024.01.23"]
[Round "5"]
[White "EsmeraldasAnderson03"]
[Black "Charodej1"]
[Result "1-0"]
[WhiteElo "2431"]
[BlackElo "2264"]
[TimeControl "180+1"]
[EndTime "14:54:53 PST"]
[Termination "EsmeraldasAnderson03 won by resignation"]

1. d4 Nf6 2. c4 c5 3. d5 e6 4.
Nc3 exd5 5. cxd5 d6 6. e4 g6 7. Nf3 Bg4 8. Be2 Nbd7 9. Nd2 Bxe2 10. Qxe2 Bg7 11. O-O O-O 12. a4 a6 13. h3 Qc7 14.
Nc4 Ne8 15. Bf4 Rb8 16. a5 Bd4 17. Rfd1 Ne5 18. Nxe5 dxe5 19. Bh6 Ng7 20. Qf3 f5 21. Qd3 Bxf2+ 22. Kh1 Bd4 23. Qc4 f4 24. Bg5 Qf7 25. Rf1 Nh5 26. Rf3 Kg7 27. Bh4 h6 28. Bf2 g5 29.
Bxd4 cxd4 30. Na4 Rfc8 31. Qb4 Ng3+ 32. Kh2 Nxe4 33. Re1 Nf6 34. Rxe5 Re8 35. Qxd4 Rxe5 36. Qxe5 Re8 37. Qc3 Qxd5 38. Rd3 Qf7 39. Nc5 Rc8 40.
Qe5 Re8 41. Qc3 Rc8 42. b4 Rc7 43. Rd6 Re7 44. Qd4 Kg6 45. Ne4 Rxe4 46. Qxe4+ Kg7 47. Qe5 1-0

[Event "Late-Titled-Tuesday-Blitz-January-23-2024"]
[Site "Chess.com"]
[Date "2024.01.23"]
[Round "5"]
[White "LastHeroJr"]
[Black "Mazetovic"]
[Result "1-0"]
[WhiteElo "2463"]
[BlackElo "2581"]
[TimeControl "180+1"]
[EndTime "14:54:54 PST"]
[Termination "LastHeroJr won on time"]

1. e4 Nf6 2. e5 Nd5 3. d4 d6 4.
Nf3 g6 5. c4 Nb6 6. Nc3 Bg7 7.
Be3 O-O 8. c5 dxc5 9. dxc5 Qxd1+ 10. Rxd1 N6d7 11. e6 fxe6 12. Bc4 Ne5 13. Nxe5 Bxe5 14.
O-O b6 15. Rfe1 Kg7 16. Bg5 Bf6 17. Bxf6+ exf6 18. Bxe6 Na6 19. Bd5 Rb8 20. Re7+ Kh8 21.
cxb6 Rxb6 22. b3 Rd6 23. Bc4 Rxd1+ 24. Nxd1 Rd8 25. Ne3 Nb4 26. a3 Nc6 27. Rxc7 Ne5 28. Bf1 a5 29. Ra7 Nc6 30. Rc7 Nd4 31. b4 axb4 32. axb4 f5 33. f4 Ne6 34. Ra7 Nxf4 35. b5 Re8 36. Kf2 Re4 37. Ra8 Rb4 38. Rxc8+ Kg7 39. Rc7+ Kf6 40. Rc6+ Kg5 41. g3 Nh5 42. h4+ Kh6 43. b6 1-0

[Event "Late-Titled-Tuesday-Blitz-January-23-2024"]
[Site "Chess.com"]
[Date "2024.01.23"]
[Round "5"]
[White "WindWhistler11"]
[Black "ChEsper99"]
[Result "1-0"]
[WhiteElo "2457"]
[BlackElo "2110"]
[TimeControl "180+1"]
[EndTime "14:54:54 PST"]
[Termination "WindWhistler11 won on time"]

1. c4 Nf6 2. Nc3 g6 3. h3 Bg7 4. g4 d6 5. Bg2 c6 6. e3 e5 7. Nge2 Be6 8. b3 h6 9. Bb2 d5 10. cxd5 cxd5 11. d4 e4 12. Na4 b6 13.
Nf4 Nc6 14. Ba3 Bf8 15. Bxf8 Kxf8 16. Rc1 Rc8 17. O-O Kg7 18. a3 Qd6 19. b4 g5 20. Nxe6+ Qxe6 21. Nc3 h5 22. f3 hxg4 23. fxg4 Ne7 24. Ne2 Rxc1 25. Qxc1 Rc8 26. Qe1 Rc2 27.
Ng3 Nxg4 28. hxg4 Qxg4 29. Rf2 Rxf2 30. Qxf2 f5 31. Ne2 Ng6 32. Kf1 f4 33. Ng1 f3 34. Bh3 Qh4 35. Qh2 Kh6 36. Qf2 Qxf2+ 37. Kxf2 Kh5 38. Kg3 Nh4 39. Bg4+ Kg6 40. Nh3 Ng2 41.
Kf2 Nh4 42. Be6 Nf5 43. Bxd5 g4 44. Bxe4 g3+ 45. Kxf3 Kf6 46. Bxf5 1-0

[Event "Late-Titled-Tuesday-Blitz-January-23-2024"]
[Site "Chess.com"]
[Date "2024.01.23"]
[Round "5"]
[White "cthulhuuu"]
[Black "krzyzan94"]
[Result "1-0"]
[WhiteElo "2479"]
[BlackElo "2770"]
[TimeControl "180+1"]
[EndTime "14:54:55 PST"]
[Termination "cthulhuuu won on time"]

1. e4 c6 2. d3 d5 3. Nd2 g6 4. Ngf3 Bg7 5. g3 e6 6. Bg2 Nd7 7. O-O Ne7 8. Re1 Qc7 9. Qe2 O-O 10.
e5 c5 11. Nf1 Nc6 12. Bf4 Nd4 13. Nxd4 cxd4 14. h4 Re8 15. Rac1 Qa5 16. a3 f6 17. exf6 Bxf6 18. Nd2 Qb5 19. Nb3 a5 20. a4 Qc6 21.
h5 Kf7 22. Qf3 Qxa4 23. Bg5 Qb4 24. g4 Qe7 25. Nxd4 Ra6 26. Bh6 Kg8 27. Nxe6 Rxe6 28. Qxd5 Nb6 29. Qa2 Qf7 30. Rxe6 Bxe6 31. Qxa5 Nd5 32.
Re1 b6 33. Qb5 Nc7 34. Qc6 Bd5 35. Rxe8+ Qxe8 36. Bxd5+ 1-0

[Event "Late-Titled-Tuesday-Blitz-January-23-2024"]
[Site "Chess.com"]
[Date "2024.01.23"]
[Round "5"]
[White "Roedor"]
[Black "dosto07"]
[Result "1-0"]
[WhiteElo "2348"]
[BlackElo "2532"]
[TimeControl "180+1"]
[EndTime "14:54:55 PST"]
[Termination "Roedor won on time"]

1. c4 e5 2. Nc3 Nf6 3. g3 Nc6 4. Bg2 Bb4 5. Nd5 Bc5 6. e3 O-O 7.
Ne2 Nxd5 8. cxd5 Ne7 9. O-O d6 10. d4 Bb6 11. b4 Bd7 12. Bb2 Ng6 13. h4 f6 14. Qc2 Qc8 15. a4 a5 16. bxa5 Rxa5 17.
Bc3 Ra8 18. a5 Ba7 19. Rfc1 Bh3 20. Be4 f5 21. Bh1 e4 22. h5 Ne7 23. Nf4 Bg4 24. Bb4 Qe8 25. Qxc7 Rc8 26. Qxb7 Rxc1+ 27. Rxc1 Bb8 28.
a6 g5 29. Ne6 Rf7 30. a7 Bxa7 31. Qxa7 Nxd5 32. Nc7 Nxb4 33. Nxe8 Rxa7 34. Nf6+ Kg7 35.
Nxg4 fxg4 36. Bxe4 d5 37. Bf5 h6 38. Bxg4 Ra2 39. Bf5 Kf6 40. g4 Ke7 41. Rc7+ Kd6 42. Rh7 Nc2 43. Bxc2 Rxc2 44. Rxh6+ Kc7 45. Rg6 Kd8 46.
h6 Rc7 47. Rg7 Rc6 48. h7 Rh6 49. Rg8+ Ke7 50. h8=Q Rh7 51. Qxh7+ 1-0

[Event "Late-Titled-Tuesday-Blitz-January-23-2024"]
[Site "Chess.com"]
[Date "2024.01.23"]
[Round "5"]
[White "Teidi96"]
[Black "ritanovikova"]
[Result "1-0"]
[WhiteElo "2415"]
[BlackElo "2175"]
[TimeControl "180+1"]
[EndTime "14:54:56 PST"]
[Termination "Teidi96 won on time"]

1. d4 e5 2. Nf3 exd4 3. Nxd4 Nf6 4. Nc3 Bb4 5. Bd2 O-O 6. g3 d5 7. Bg2 c6 8. O-O Nbd7 9. a3 Ba5 10. Nb3 Bc7 11. e4 dxe4 12. Nxe4 Nxe4 13. Bxe4 Nf6 14. Bg2 Bf5 15. Rc1 a5 16. Bc3 a4 17. Nd4 Bg6 18.
Re1 Nd5 19. Bd2 Nb6 20. Nf3 Nc4 21. Bc3 Qxd1 22. Rexd1 Rad8 23. Rxd8 Rxd8 24. Kf1 Bh5 25. h3 Bg6 26. Nh4 Be5 27. Bxe5 Nxe5 28. Nxg6 hxg6 29.
b3 axb3 30. cxb3 Rd3 31. Rb1 Rc3 32. Ke2 Rc2+ 33. Ke3 Ra2 34. a4 Nd7 35. Bf1 Nb6 36. Bg2 Kf8 37. Rd1 Ke7 38. Rd4 Rb2 39. Rb4 Nd5+ 40.
Bxd5 cxd5 41. Rxb7+ Ke6 42. a5 Kf6 43. a6 Ra2 44. a7 Ke6 45. b4 f6 46. b5 g5 47.
Rb6+ Ke5 48. Ra6 Rb2 49. a8=Q Rxb5 50. Qe8+ Kf5 51. Qxb5 1-0

[Event "Late-Titled-Tuesday-Blitz-January-23-2024"]
[Site "Chess.com"]
[Date "2024.01.23"]
[Round "5"]
[White "TigrVShlyape"]
[Black "The_Machine04"]
[Result "1-0"]
[WhiteElo "2943"]
[BlackElo "2713"]
[TimeControl "180+1"]
[EndTime "14:54:57 PST"]
[Termination "TigrVShlyape won on time"]

1. d4 d6 2. Nf3 Nf6 3. Bf4 g6 4. h3 Bg7 5. c3 O-O 6. Nbd2 Nc6 7. e4 Re8 8. Be2 e5 9. dxe5 Nxe5 10. Nxe5 dxe5 11. Bg5 Be6 12. O-O c6 13. Qc2 Qc7 14. Bc4 h6 15. Be3 Rad8 16. Bxe6 Rxe6 17. a4 b6 18. Nc4 Re7 19. Rfd1 Red7 20. Rxd7 Rxd7 21. b4 Kh7 22. a5 b5 23. Nd2 a6 24. Nb3 Bf8 25. f3 Qd8 26. Bb6 Qc8 27. Bc5 Bg7 28. Rd1 Rxd1+ 29. Qxd1 Qd7 30. Qd6 Qxd6 31. Bxd6 Nd7 32.
Kf2 Kg8 33. Ke3 Bf8 34. Bxf8 Kxf8 35. g3 Ke7 36. f4 f6 37. h4 Kd6 38. f5 gxf5 39. exf5 Kd5 40. Nd2 c5 41. g4 cxb4 42. cxb4 Nb8 43. Ne4 Nd7 44. Kd3 Kc6 45. Nc3 Kd6 46.
Ke4 Nb8 47. Nd5 Nd7 48. Nc3 Nb8 49. Kd3 Nd7 50. Ke3 Kc6 51. Ke4 Kc7 52. Kd5 Kd8 53. Ke6 Ke8 54. Ne4 Kd8 55. g5 fxg5 56. hxg5 1-0

[Event "Late-Titled-Tuesday-Blitz-January-23-2024"]
[Site "Chess.com"]
[Date "2024.01.23"]
[Round "5"]
[White "falzehope0"]
[Black "skoularikii"]
[Result "0-1"]
[WhiteElo "2410"]
[BlackElo "2572"]
[TimeControl "180+1"]
[EndTime "14:54:58 PST"]
[Termination "skoularikii won by resignation"]

1. d4 Nf6 2. e3 e6 3. Bd3 c5 4.
f4 b5 5. c3 c4 6. Bc2 Bb7 7.
Nf3 Be4 8. Nbd2 Bxc2 9. Qxc2 d5 10. e4 dxe4 11. Nxe4 Nbd7 12. Ng3 Nd5 13. O-O Bd6 14. Ne5 O-O 15. Ne4 N7f6 16. Ng5 h6 17. Nh3 Ne7 18. Qe2 Nf5 19. Bd2 Nd5 20. Rae1 Qh4 21. Bc1 Rac8 22. Kh1 a5 23. a3 b4 24. axb4 axb4 25. Bd2 bxc3 26.
bxc3 Bxe5 27. fxe5 Rc7 28. Rf3 Rb8 29. Rg1 Rb2 30.
g4 Nfe7 31. g5 h5 32. Qd1 Nf5 33. Be1 Qe4 34. Nf2 Qc2 35. Qxc2 Rxc2 36. Ne4 g6 37.
Rg2 Rc1 38. Rg1 Rb7 39. Nf6+ Nxf6 40. gxf6 Rbb1 41. Bf2 Rxg1+ 42. Bxg1 Nh4 43. Rf4 g5 44. Rf2 g4 45. Rd2 Rxg1+ 46. Kxg1 Nf3+ 47. Kf2 Nxd2 48. Ke3 Nf1+ 49. Kf2 Nxh2 50. Kg3 Nf1+ 51. Kf2 Nd2 52. Ke3 Nb1 53. d5 exd5 54. Kd4 g3 55. Kxd5 g2 56.
e6 fxe6+ 57. Kxe6 Kf8 58. Kd5 g1=Q 59. Kxc4 Qe3 60. Kb5 Qxc3 61. Kb6 Qc4 62. Kb7 Kf7 63. Kb6 Nc3 64. Kb7 Qc5 65. Ka6 Qb4 66. Ka7 Qb5 67.
Ka8 Nd5 68. Ka7 Qb6+ 0-1

[Event "Late-Titled-Tuesday-Blitz-January-23-2024"]
[Site "Chess.com"]
[Date "2024.01.23"]
[Round "5"]
[White "M1711"]
[Black "StellarChess"]
[Result "1-0"]
[WhiteElo "2644"]
[BlackElo "2481"]
[TimeControl "180+1"]
[EndTime "14:54:59 PST"]
[Termination "M1711 won by checkmate"]

1. b3 b6 2. Bb2 Bb7 3. Nf3 Nf6 4. e3 e6 5. Be2 d5 6. O-O Nbd7 7. c4 Bd6 8. Nc3 a6 9. Rc1 O-O 10. d3 Re8 11. Qc2 c5 12. e4 d4 13. Nb1 e5 14.
Nbd2 Bf8 15. g3 Bc6 16. Nh4 g6 17. Rce1 Bd6 18. Ng2 Qc7 19. f4 Kg7 20. Bc1 b5 21.
Nf3 b4 22. Nfh4 a5 23. fxe5 Nxe5 24. Qd2 Be7 25. Qh6+ Kg8 26. h3 Ned7 27. g4 Bf8 28.
Qd2 Bd6 29. g5 Bh2+ 30. Kh1 Nh5 31. Bxh5 gxh5 32. Qe2 Bg3 33. Qxh5 Nf8 34. Nf5 Bxe1 35. Nh6+ Kh8 36. Nxf7+ Kg8 37. Nh6+ Kh8 38. Nxe1 Qg3 39. Bf4 Rxe4 40. Bxg3 Rh4+ 41. Qf3 Bxf3+ 42. Nxf3 Rxh3+ 43. Kg2 Rh5 44. Ng4 Ng6 45. Nf6 a4 46. Nxh5 axb3 47.
axb3 Ra2+ 48. Rf2 Ra3 49. Ne5 Rxb3 50. Nf7+ Kg8 51. Nh6+ Kh8 52. Be5+ Nxe5 53. Rf8# 1-0

[Event "Late-Titled-Tuesday-Blitz-January-23-2024"]
[Site "Chess.com"]
[Date "2024.01.23"]
[Round "5"]
[White "xakevicius91"]
[Black "IgorBjelobrk"]
[Result "1-0"]
[WhiteElo "2562"]
[BlackElo "2619"]
[TimeControl "180+1"]
[EndTime "14:55:02 PST"]
[Termination "xakevicius91 won by checkmate"]

1. e4 e6 2. d4 d5 3. Nd2 c5 4. exd5 exd5 5. Ngf3 Nc6 6. Bb5 cxd4 7. O-O Bd6 8. Nb3 Ne7 9. Nbxd4 O-O 10. Bg5 f6 11. Bh4 Qb6 12. c3 Nxd4 13. Nxd4 Be5 14. Ba4 Qxb2 15.
Nb5 a6 16. Rb1 Qxa2 17. Ra1 Qc4 18. Nd4 Qxc3 19. Re1 Ng6 20. Nf3 Be6 21. Rc1 Qa5 22. Bb3 Rad8 23. Bg3 Bg4 24. Qd3 Bxg3 25. hxg3 Kh8 26.
Bc2 Qb6 27. Nd4 Bd7 28. Rb1 Qc7 29. Rec1 Qb8 30. f3 Rfe8 31. Kf2 Bc8 32. Rh1 f5 33. Ne2 Qe5 34. Nd4 Rf8 35. Rbe1 Qf6 36. Qd2 h6 37. Ne2 Ne5 38. Nf4 d4 39. Nh5 Qd6 40. Nf4 Nc4 41. Qd3 Ne3 42. Bb1 b5 43. Rc1 Bb7 44. Nh5 Rc8 45.
g4 Rxc1 46. Rxc1 Rc8 47. Rxc8+ Bxc8 48. Ng3 Bd7 49. gxf5 Qf4 50. f6 Qxf6 51. Qh7# 1-0

[Event "Late-Titled-Tuesday-Blitz-January-23-2024"]
[Site "Chess.com"]
[Date "2024.01.23"]
[Round "5"]
[White "BeanScreen"]
[Black "Zhigalko_Sergei"]
[Result "0-1"]
[WhiteElo "2733"]
[BlackElo "2975"]
[TimeControl "180+1"]
[EndTime "14:55:03 PST"]
[Termination "Zhigalko_Sergei won by resignation"]

1. e4 c5 2. c3 Nf6 3. e5 Nd5 4. Nf3 Nc6 5. Bc4 Nb6 6. Bb3 g6 7. d4 cxd4 8. Ng5 d5 9. exd6 e6 10. Qf3 Ne5 11. Qg3 Bg7 12. Ne4 Nc6 13. O-O O-O 14.
Rd1 Kh8 15. cxd4 Nxd4 16. Nbc3 e5 17. Ng5 Nxb3 18. axb3 h6 19. Nf3 Be6 20. Nxe5 Bxb3 21. Rd4 Re8 22. Bf4 Nd7 23. Nb5 Bxe5 24. Bxe5+ Rxe5 25.
Qxb3 Qf6 26. Nc7 Rd8 27. Qxb7 Nc5 28. Qf3 Qxf3 29. gxf3 Nb3 30. Rda4 Nxa1 31. Rxa1 Rxd6 32. Rxa7 Rd2 33. b4 Kg7 34. Ra3 Ree2 35. f4 Rxf2 36. Rg3 Rfe2 37. Kf1 Rxh2 38. Kg1 Rhe2 39. Kf1 Rb2 40. b5 Rh2 41. Kg1 Rhc2 42. Kh1 Rxc7 0-1

[Event "Late-Titled-Tuesday-Blitz-January-23-2024"]
[Site "Chess.com"]
[Date "2024.01.23"]
[Round "5"]
[White "bescmelasti"]
[Black "rhungaski"]
[Result "1-0"]
[WhiteElo "2698"]
[BlackElo "2507"]
[TimeControl "180+1"]
[EndTime "14:55:03 PST"]
[Termination "bescmelasti won by resignation"]

1. e4 e6 2. d4 d5 3. Nc3 Bb4 4. e5 c5 5. a3 Bxc3+ 6. bxc3 Nc6 7. Qg4 g6 8. h4 h6 9. a4 Qa5 10. Bd2 c4 11. Qf4 Bd7 12. Nf3 Rh7 13. g3 O-O-O 14. Bg2 Rf8 15. O-O Kb8 16. Rfb1 Ka8 17. Rb5 Qd8 18.
Rab1 Bc8 19. Bc1 f5 20. Ba3 Nge7 21. Qc1 Rg8 22. Qb2 Qd7 23. a5 g5 24. Bc5 gxh4 25.
Nxh4 f4 26. Kh2 fxg3+ 27. fxg3 Rhg7 28. a6 b6 29. Rxb6 axb6 30. Qxb6 Ng6 31. Bh3 Nxh4 32. gxh4 Qc7 33. Qb5 Bd7 34. Bd6 Rb8 35. Bxc7 Rxb5 36.
Rxb5 Nxd4 37. Rb8+ Ka7 38. cxd4 Kxa6 39. Bd6 Rf7 40.
Kg3 Ka5 41. Rb7 Rg7+ 42. Kf2 c3 43. Rc7 Rf7+ 44. Ke3 Rg7 45. Bxe6 Rg3+ 46. Kf2 1-0

[Event "Late-Titled-Tuesday-Blitz-January-23-2024"]
[Site "Chess.com"]
[Date "2024.01.23"]
[Round "5"]
[White "DvaHrasta"]
[Black "MokshanovAlexey"]
[Result "0-1"]
[WhiteElo "2478"]
[BlackElo "2643"]
[TimeControl "180+1"]
[EndTime "14:55:03 PST"]
[Termination "MokshanovAlexey won on time"]

1. c4 e6 2. d4 d5 3. Nf3 Nf6 4. Bg5 Be7 5. Nc3 O-O 6. e3 a6 7.
Rc1 dxc4 8. Bxc4 b5 9. Bd3 Bb7 10. O-O Nbd7 11. Bb1 h6 12. Bh4 c5 13. dxc5 Nxc5 14.
Ne5 b4 15. Ne2 Rc8 16. Nd4 Qd5 17. Ndf3 Rfd8 18. Qe2 Nce4 19. Rxc8 Rxc8 20. Rd1 Qa5 21. Nc4 Qb5 22. Nfe5 Nd6 23. b3 Nde4 24. Bxf6 Bxf6 25. Bxe4 Bxe4 26. f3 Bxe5 27. fxe4 Bb8 28. Qd3 Qg5 29. g3 h5 30. Kg2 h4 31. Qd7 Rf8 32. Rf1 hxg3 33. h3 Qh5 34. Rf3 a5 35. Qb7 Qc5 36. Qb6 Qxb6 37. Nxb6 Rd8 38. Nc4 Rd1 39. e5 Ra1 40.
Kxg3 Rxa2 41. e4 Rc2 42. Rd3 Rc3 0-1

[Event "Late-Titled-Tuesday-Blitz-January-23-2024"]
[Site "Chess.com"]
[Date "2024.01.23"]
[Round "5"]
[White "ChessSwole"]
[Black "NovakRatko"]
[Result "1-0"]
[WhiteElo "2609"]
[BlackElo "2346"]
[TimeControl "180+1"]
[EndTime "14:55:03 PST"]
[Termination "ChessSwole won by resignation"]

1. e4 d5 2. exd5 c6 3. dxc6 Nxc6 4. Nf3 e5 5. Bb5 Bd6 6. d4 exd4 7. Nxd4 Ne7 8. O-O O-O 9. Nxc6 Nxc6 10. h3 Bf5 11. Bd3 Bxd3 12. Qxd3 Nb4 13. Qd1 Be5 14. Nd2 Qc7 15.
c3 Nd3 16. Nf3 Rad8 17. Nxe5 Qxe5 18. Qf3 Qb5 19. b3 Rd6 20. c4 Qd7 21. Be3 b6 22. Rfd1 Ne5 23. Qe2 Re8 24. Rxd6 Qxd6 25. Rd1 Qc6 26.
Qd2 h6 27. Qd5 Qg6 28. Bf4 Qf6 29. Bg3 Ng6 30. Qd7 Re2 31. Qd8+ Qxd8 32. Rxd8+ Kh7 33. Rd7 Rxa2 34. Rxf7 h5 35. Bb8 Ra3 36. b4 a5 37.
c5 bxc5 38. bxc5 Rc3 39. Bd6 a4 40. Ra7 a3 41. g3 Nh8 42. Kg2 Kh6 43. Bf8 Kg6 44.
Rxg7+ Kf5 45. Ra7 Ng6 46. Bd6 Ne5 47. Bxe5 Kxe5 48. c6 Kd6 49. c7 Kd7 50. g4 hxg4 51. hxg4 Ke6 52. Rxa3 Rxc7 53. Rf3 Rc1 54. Kg3 Ke5 55.
Kh4 Rc3 56. Rxc3 1-0

[Event "Late-Titled-Tuesday-Blitz-January-23-2024"]
[Site "Chess.com"]
[Date "2024.01.23"]
[Round "5"]
[White "DenLaz"]
[Black "vugarrasulov"]
[Result "0-1"]
[WhiteElo "3076"]
[BlackElo "2943"]
[TimeControl "180+1"]
[EndTime "14:55:04 PST"]
[Termination "vugarrasulov won by resignation"]

1. d4 Nf6 2. c4 e6 3. Nf3 d5 4. g3 Be7 5. Bg2 O-O 6. O-O dxc4 7. Qc2 a6 8. a4 Bd7 9. Qxc4 Bc6 10. Bg5 Nbd7 11. Nc3 a5 12. Rfd1 h6 13. Bxf6 Nxf6 14. e3 Bxf3 15. Bxf3 c6 16. Kg2 Qb6 17. Qe2 Rfd8 18.
h4 Rd7 19. h5 Rad8 20. Qc2 Bb4 21. Rac1 Nd5 22. Ne4 Be7 23. Qe2 Nb4 24. Nd2 Qa6 25.
Nc4 Rc7 26. b3 Nd5 27. Be4 Nf6 28. Bd3 Qa8 29. Qf3 c5 30. dxc5 Rxc5 31. Nb6 Qb8 32. Rxc5 Bxc5 33. Nc4 b6 34. Be2 Rxd1 35. Bxd1 Qd8 36.
Ne5 Qd5 37. Qxd5 Nxd5 38. Kf3 Nf6 39. g4 Kf8 40. Nc4 Ke7 41. Kg2 Ne4 42. Bf3 Nd6 43. Ne5 f6 44. Nd3 Nf7 45. Be2 Kd6 46. Nb2 Bb4 47. Nc4+ Kc5 48. f4 Bc3 49. Kf3 Nd8 50. Bd3 Nc6 51. Be4 Nb4 52. Na3 Na2 53. Nc2 Nc1 54. Bg6 Nxb3 55. Bf7 Kd6 56. Na3 Ke7 57. Bg6 Bb4 58. Nc4 Bc5 59. Bc2 Nc1 60.
Nd2 Na2 61. Bb3 Nb4 62. Nc4 Nd3 63. Ke2 Nc1+ 0-1

[Event "Late-Titled-Tuesday-Blitz-January-23-2024"]
[Site "Chess.com"]
[Date "2024.01.23"]
[Round "5"]
[White "MyDream003"]
[Black "Crazy_girl99"]
[Result "1-0"]
[WhiteElo "2851"]
[BlackElo "2615"]
[TimeControl "180+1"]
[EndTime "14:55:05 PST"]
[Termination "MyDream003 won by resignation"]

1. Nf3 d5 2. b3 Nf6 3. Bb2 c5 4.
e3 Nc6 5. Bb5 Bd7 6. O-O e6 7.
Bxc6 Bxc6 8. Ne5 Rc8 9. d3 Bd6 10. Nd2 O-O 11. Nxc6 Rxc6 12. Qe2 Re8 13. e4 e5 14. g3 h6 15. Kg2 Bf8 16. Rae1 b5 17.
exd5 Qxd5+ 18. Qf3 a5 19. Rxe5 Rxe5 20. Bxe5 Qxf3+ 21. Nxf3 Nd5 22. a3 a4 23. bxa4 bxa4 24. c4 Nb6 25. Rb1 Nd7 26. Bc3 Rd6 27. Ne1 f6 28.
Rb7 h5 29. h3 g5 30. g4 hxg4 31. hxg4 Kf7 32. Kf3 Ke6 33. Ke4 Be7 34. Ng2 Rb6 35. Rxb6+ Nxb6 36. f4 Nc8 37. f5+ Kd6 38. Ne3 Nb6 39.
Ba5 Nd7 40. Nd5 Bf8 41. Bd8 Bg7 42. Be7+ Kc6 43. d4 cxd4 44. Kxd4 Bh8 45. Nb4+ Kc7 46. Nd3 Kc6 47. c5 Bg7 48. Kc4 Bf8 49. Bxf8 Nxf8 50. Nb4+ Kb7 51. Kd5 Nd7 52. c6+ 1-0

[Event "Late-Titled-Tuesday-Blitz-January-23-2024"]
[Site "Chess.com"]
[Date "2024.01.23"]
[Round "5"]
[White "Angry_Twin"]
[Black "NikolaGry"]
[Result "1-0"]
[WhiteElo "2994"]
[BlackElo "2749"]
[TimeControl "180+1"]
[EndTime "14:55:07 PST"]
[Termination "Angry_Twin won on time"]

1. e4 e5 2. Nf3 d6 3. Bc4 Nf6 4. d3 c6 5. c3 Be7 6. O-O O-O 7. Re1 h6 8. Nbd2 Be6 9. Nf1 Nbd7 10. Ng3 Re8 11.
Bb3 Bxb3 12. axb3 a5 13. Nf5 Bf8 14. h3 Kh7 15. Qd2 d5 16. exd5 cxd5 17. Qc2 g6 18. Ng3 Bg7 19. Be3 Rc8 20. Qd2 b6 21. Ra4 Bf8 22.
Rh4 Ng8 23. Nf1 d4 24. cxd4 Bb4 25. Qd1 Bxe1 26. Qxe1 exd4 27. Rxd4 Qe7 28. Qd2 Nc5 29. Qd1 Rcd8 30. Ng3 Nf6 31. Rh4 Rxd3 32. Qc2 Rxe3 33.
fxe3 Qxe3+ 34. Kh2 Kg7 35. Nd4 Qe5 36. Nf3 Qd6 37.
Qc1 h5 38. Nd4 Nce4 39. Ne2 g5 40. Kg1 Qc5+ 41. Qxc5 bxc5 42. Rxh5 Nxh5 43. Nxh5+ Kg6 44. g4 Nf6 45. Nhg3 1-0

[Event "Late-Titled-Tuesday-Blitz-January-23-2024"]
[Site "Chess.com"]
[Date "2024.01.23"]
[Round "5"]
[White "crazy_but_lazy"]
[Black "Zq1"]
[Result "0-1"]
[WhiteElo "2598"]
[BlackElo "2481"]
[TimeControl "180+1"]
[EndTime "14:55:08 PST"]
[Termination "Zq1 won by resignation"]

1. d4 Nf6 2. Nf3 e6 3. Bf4 b6 4. e3 Bb7 5. h3 Be7 6. Be2 O-O 7. O-O c5 8. c4 cxd4 9. Nxd4 a6 10. Nc3 d6 11.
Bh2 Nbd7 12. Rc1 Rc8 13. b3 Qc7 14. Bf3 Rfd8 15. Qe2 Qb8 16. Rfd1 Qa8 17. Bxb7 Qxb7 18. Qf3 Qxf3 19. Nxf3 Nc5 20. Rd4 b5 21. Rcd1 bxc4 22. bxc4 Nb7 23. Rb1 Na5 24. Nd2 d5 25. Be5 Nd7 26. Bg3 Bf6 27. Rd3 Nxc4 28. Na4 Be5 29.
Nxc4 Rxc4 30. Bxe5 Nxe5 31. Ra3 h5 32. Nb6 Rb8 33.
Rab3 Rc6 34. g3 g5 35. Kg2 Kg7 36. a4 g4 37. hxg4 hxg4 38. Rb4 Nc4 39. Nxc4 Rxb4 40. Rxb4 dxc4 41. Rb1 Kf6 42. Kf1 Ke5 43. Ke2 Ke4 44.
Rb4 a5 45. Rb1 c3 46. Rc1 c2 47. Kd2 Kf3 48. Ke1 f5 49. Kf1 Rd6 50. Ke1 Rd1+ 51. Rxd1 cxd1=Q+ 52. Kxd1 Kxf2 53. Kd2 Kxg3 54. Kd3 Kf3 55. Kd4 g3 0-1

[Event "Late-Titled-Tuesday-Blitz-January-23-2024"]
[Site "Chess.com"]
[Date "2024.01.23"]
[Round "5"]
[White "IlanSchnaider"]
[Black "dropstoneDP"]
[Result "0-1"]
[WhiteElo "2759"]
[BlackElo "3044"]
[TimeControl "180+1"]
[EndTime "14:55:11 PST"]
[Termination "dropstoneDP won on time"]

1. e4 e5 2. Nf3 Nf6 3. d4 Nxe4 4. Bd3 d5 5. Nxe5 Nd7 6. Nc3 Nxc3 7. bxc3 Bd6 8. O-O O-O 9. Re1 c5 10. f4 c4 11. Be2 f6 12. Nxd7 Bxd7 13. Bf3 Qa5 14. Bd2 Rae8 15. Rxe8 Rxe8 16. Qf1 f5 17. Re1 Re6 18.
g3 g6 19. Qg2 Rxe1+ 20. Bxe1 Be6 21. h4 h5 22. Kh2 Bf7 23. Kh3 Kf8 24. Qh1 Ke7 25.
Qg2 Kd7 26. Bf2 Kc6 27. Be1 Qxa2 28. Qe2 b5 29. Bf2 Qa5 30. Be1 Qd8 31. Qd1 a5 32. Qb1 a4 33. Kg2 Qa5 34. Qa2 Kd7 35. Kf2 a3 36. Ke2 Be6 37. Bd2 b4 38. cxb4 Bxb4 39.
Bc1 Bd6 40. Bd2 Qb5 41. Bc3 Kc6 42. Kd2 Qa4 43. Kc1 Kb5 44. Bd2 Bb4 45. c3 Bd6 46. Bd1 Qa6 47. Bc2 Kc6 48. Bb1 Kc7 49. Bc2 Bd7 50. Kd1 Ba4 51. Bc1 Bb3 52. Qa1 a2 53. Bxb3 cxb3 54. Kd2 Qc4 55. Qb2 Kc6 56.
Qa1 Kb5 57. Bb2 Kc6 58. Qe1 Kd7 59. Kc1 Ba3 0-1